Map: Frozen Temple

Players

Fropez - Winner!

  • Race: Protoss Protoss
  • League: Gold
  • Spawn Location: 11:00

Koguryo

  • Race: Protoss Protoss
  • League: Gold
  • Spawn Location: 5:00

VOD

Have the link to the VOD?

Description

Time

  • Played on: Sept. 23, 2016, 11:05 a.m.
  • Length: 5:57
Show
View Real Time Build Order
Export as new Build Order

Fropez Protoss - Winner!

Build Orders:  

Get SALT Encoding   

  12  0:00  Probe (Chrono Boost)  
  13  0:13  Pylon  
  13  0:18  Probe (Chrono Boost)  
  14  0:28  Probe (Chrono Boost)  
  14  0:34  Gateway  
  15  0:41  Probe (Chrono Boost)  
  16  0:52  Probe (Chrono Boost)  
  16  0:54  Assimilator  
  17  1:03  Probe (Chrono Boost)  
  18  1:13  Pylon, Probe (Chrono Boost)  
  19  1:19  Pylon  
  19  1:24  Probe (Chrono Boost)  
  20  1:27  Cybernetics Core  
  20  1:34  Probe (Chrono Boost)  
  20  1:37  Assimilator  
  21  1:45  Probe (Chrono Boost)  
  22  1:49  Gateway  
  22  1:55  Probe (Chrono Boost)  
  23  2:06  Mothership Core (Chrono Boost)  
  25  2:22  Warp Gate (Chrono Boost)  
  25  2:24  Probe  
  25  2:27  Adept  
  28  2:36  Adept  
  30  2:41  Probe  
  30  2:42  Pylon  
  31  2:57  Nexus  
  32  3:07  Adept x2  
  35  3:13  Probe  
  35  3:34  Adept  
  35  3:35  Adept  
  35  3:36  Nexus  
  41  4:05  Probe  
  36  4:13  Gateway  
  36  4:15  Gateway  
  36  4:17  Probe  
  36  4:19  Gateway  
  37  4:24  Twilight Council  
  37  4:29  Probe  
  38  4:37  Adept x2  
  42  4:53  Probe  
  41  5:05  Gateway  
  41  5:06  Gateway  
  39  5:08  Gateway  
  39  5:16  Probe  
  39  5:17  Probe  
  39  5:18  Pylon  
  39  5:26  Probe  
  34  5:29  Probe  
Show
View Real Time Build Order
Export as new Build Order

Koguryo Protoss 

Build Orders:  

Get SALT Encoding   

  12  0:01  Probe (Chrono Boost)  
  13  0:11  Probe (Chrono Boost)  
  14  0:19  Pylon  
  14  0:22  Probe (Chrono Boost)  
  15  0:37  Probe (Chrono Boost)  
  16  0:44  Gateway  
  16  0:48  Probe (Chrono Boost)  
  17  0:57  Pylon  
  17  0:58  Probe (Chrono Boost)  
  17  0:59  Assimilator  
  18  1:06  Assimilator  
  18  1:10  Probe (Chrono Boost)  
  19  1:23  Probe (Chrono Boost)  
  20  1:34  Probe (Chrono Boost)  
  21  1:46  Probe (Chrono Boost)  
  22  1:49  Nexus  
  22  1:56  Probe (Chrono Boost)  
  22  2:00  Cybernetics Core  
  23  2:09  Probe (Chrono Boost)  
  24  2:20  Zealot (Chrono Boost)  
  26  2:39  Gateway  
  26  2:40  Warp Gate  
  26  2:42  Gateway  
  26  2:48  Stalker (Chrono Boost)  
  28  2:52  Gateway  
  28  3:01  Probe  
  28  3:02  Probe  
  30  3:12  Probe  
  30  3:14  Probe, Stalker (Chrono Boost)  
  34  3:26  Probe  
  35  3:27  Probe  
  36  3:37  Probe  
  36  3:39  Probe  
  36  3:40  Stalker (Chrono Boost)  
  40  3:45  Stalker (Chrono Boost)  
  38  3:51  Probe  
  36  3:56  Probe  
  37  4:03  Probe  
  37  4:07  Probe  
  41  4:10  Stalker (Chrono Boost)  
  41  4:11  Forge  
  41  4:15  Probe  
  42  4:27  Pylon, Probe  
  41  4:36  Probe  
  42  4:47  Probe  
  42  4:50  Stalker (Chrono Boost)  
  51  4:54  Stalker (Chrono Boost)  
  51  4:55  Stalker x2 (Chrono Boost)  
  40  5:09  Probe  
  36  5:20  Probe  
  32  5:21  Probe  
  32  5:30  Probe  
  32  5:33  Probe  
  34  5:42  Nexus  
Tags
 
League
GoldGold
Matchup
PvP
Replay Pack
All Mines
Spawn Locations
Cross Positions
Add a new tag
Caveats
  • Supply blocks, unpowered buildings, or Contaminate may cause inaccurate times.
  • Supply counts are checked every 10 seconds.